AoeStats
← Arribia2

Oasis

507187674Analyzed
4v4 RM · 15d ago on Sep 17, 2026· 45m 32s· 8 players
Game mode
Random Map
Map size
Large (8 player)
Population
200
Speed
Normal
Resources
Standard
Victory
Conquest
Starting age
Dark Age
Ending age
Imperial Age
RankedLock teamsTeams togetherTeam positionsShared explorationLock speedFull tech treeHidden civsTurbo modeCheats
Victory
Defeat
🇯🇵 Magyars · Japan
1385
+12
🇧🇴 Persians · Bolivia
1338
+13
🇺🇸 Muisca · United States
1297
+15
🇺🇸 Poles · United States
1242
+17
🇺🇸 Ethiopians · United States
1405
-19
🇨🇴 Persians · Colombia
1253
-13
🇦🇷 Romans · Argentina
1240
-13
🇦🇷 Japanese · Argentina
1225
-12
jaclay65
9:55 Feudal Age
10:02 Loom
11:45 Double-Bit Axe
21:09 Padded Archer Armor
21:55 Fletching
22:11 Horse Collar
23:49 Bloodlines
26:37 Castle Age
24:41 Gold Mining
26:02 Scale Mail Armor
26:14 Forging
25:56 Town Watch
27:44 Pikeman
30:13 Husbandry
31:05 Bodkin Arrow
33:07 Heavy Plow
33:19 Bow Saw
34:04 Wheelbarrow
35:03 Hand Cart
35:07 Scale Barding Armor
43:35 Thumb Ring
43:31 Stone Mining
44:35 Elite Skirmisher
44:55 Light Cavalry
genghis bong
6:55 Loom
9:06 Feudal Age
10:46 Double-Bit Axe
11:12 Horse Collar
21:18 Castle Age
19:35 Gold Mining
21:38 Crossbowman
22:10 Fletching
23:05 Bow Saw
23:26 Sanctity
24:33 Bodkin Arrow
25:38 Thumb Ring
26:47 Wheelbarrow
26:34 Thumb Ring
27:01 Fervor
28:07 Padded Archer Armor
28:29 Heavy Plow
29:07 Gold Shaft Mining
33:07 Hand Cart
32:38 Town Watch
33:04 Forging
32:54 Scale Mail Armor
33:37 Heavy Plow
33:55 Leather Archer Armor
35:02 Redemption
38:02 Imperial Age
36:00 Pikeman
36:40 Squires
38:46 Ballistics
38:56 Bracer
40:05 Chemistry
40:18 Capped Ram
43:05 Arbalester
Nekomi
6:40 Loom
9:35 Feudal Age
10:31 Double-Bit Axe
15:44 Scale Barding Armor
19:08 Bloodlines
23:04 Castle Age
22:08 Gold Mining
22:20 Horse Collar
24:05 Chain Barding Armor
24:21 Wheelbarrow
23:10 Light Cavalry
24:21 Bow Saw
34:25 Hand Cart
34:49 Gold Shaft Mining
35:04 Town Watch
38:35 Imperial Age
35:53 Town Watch
36:23 Husbandry
38:37 Stone Mining
38:39 Cavalier
39:59 Plate Barding Armor
41:15 Two-Man Saw
40:03 Paladin
41:22 Conscription
44:21 Caravan
46:28 Coinage
GG LA LIFE KARIN
9:38 Feudal Age
10:04 Double-Bit Axe
10:01 Horse Collar
16:10 Gold Mining
19:02 Castle Age
19:45 Bow Saw
20:00 Heavy Plow
19:28 Light Cavalry
20:15 Scale Barding Armor
21:16 Chain Barding Armor
24:32 Wheelbarrow
25:46 Hand Cart
27:53 Forging
28:37 Gold Shaft Mining
29:21 Stone Mining
30:41 Stone Shaft Mining
30:02 Loom
30:03 Town Watch
34:04 Imperial Age
32:00 Bloodlines
31:51 Husbandry
34:20 Iron Casting
35:01 Plate Barding Armor
33:48 Heavy Camel Rider
35:17 Conscription
36:04 Chemistry
34:30 Cavalier
37:37 Coinage
38:12 Blast Furnace
38:16 Caravan
37:43 Hussar
40:25 Banking
42:37 Guilds
42:06 Savar
43:01 Town Patrol
Arribia2
6:21 Loom
9:39 Feudal Age
12:05 Double-Bit Axe
14:56 Town Watch
15:57 Fletching
17:45 Stone Mining
26:38 Castle Age
25:12 Padded Archer Armor
25:34 Gold Mining
27:18 Wheelbarrow
26:40 Crossbowman
27:19 Bodkin Arrow
29:01 Forging
28:52 Scale Mail Armor
32:25 Bow Saw
35:52 Imperial Age
34:17 Ballistics
36:28 Arbalester
41:56 Halberdier
43:13 Iron Casting
42:53 Chain Mail Armor
LucasViola27
2:58 Loom
10:40 Feudal Age
8:58 Loom
10:44 Feudal Age
12:30 Double-Bit Axe
16:12 Horse Collar
21:35 Castle Age
20:18 Scale Mail Armor
20:28 Forging
21:04 Wheelbarrow
21:32 Forging
22:32 Bow Saw
22:25 Squires
22:10 Arson
23:11 Heavy Plow
22:35 Pikeman
24:58 Chain Mail Armor
25:18 Iron Casting
33:28 Imperial Age
31:14 Hand Cart
36:43 Iron Casting
35:59 Fletching
37:02 Fletching
37:35 Halberdier
40:31 Plate Mail Armor
41:01 Blast Furnace
[BoB] Leeport
6:52 Loom
10:04 Feudal Age
10:37 Double-Bit Axe
10:35 Horse Collar
13:31 Wheelbarrow
21:28 Castle Age
20:25 Scale Barding Armor
22:08 Bloodlines
22:31 Chain Barding Armor
22:18 Gold Mining
22:40 Bow Saw
22:33 Heavy Plow
23:42 Forging
26:35 Gold Shaft Mining
29:29 Iron Casting
34:20 Fletching
40:12 Imperial Age
37:28 Town Watch
37:59 Hand Cart
38:41 Stone Mining
40:16 Husbandry
40:42 Light Cavalry
40:44 Cavalier
42:00 Plate Barding Armor
42:26 Blast Furnace
41:22 Bodkin Arrow
44:35 Pikeman
45:16 Scale Mail Armor
christianperalta141
9:59 Feudal Age
11:49 Wheelbarrow
14:16 Castle Age
12:02 Loom
12:50 Double-Bit Axe
13:47 Horse Collar
17:32 Heavy Plow
21:42 Wheelbarrow
22:11 Bow Saw
23:41 Forging
23:56 Scale Barding Armor
24:26 Husbandry
24:42 Bloodlines
24:34 Gold Mining
26:51 Gold Shaft Mining
28:02 Chain Barding Armor
28:18 Iron Casting
32:22 Imperial Age
30:57 Hand Cart
32:01 Cavalier
33:17 Plate Barding Armor
33:43 Blast Furnace
33:32 Savar
35:49 Conscription
Connection lost

Rejoining the realm…

Still unreachable

The connection could not be restored.

Session expired

The server has moved on; the page needs a fresh start.